Map: Chantier naval orbital

Players

zidar

  • Race: Zerg Zerg
  • League: Silver
  • Spawn Location: 7:00

Grog - Winner!

  • Race: Protoss Protoss
  • League: Gold
  • Spawn Location: 1:00

VOD

Have the link to the VOD?

Description

Time

  • Played on: Nov. 24, 2015, 11:50 a.m.
  • Length: 13:26
Show
View Real Time Build Order
Export as new Build Order

zidar Zerg 

Build Orders: Pool First 

Get SALT Encoding   

  12  0:01  Drone  
  13  0:12  Overlord  
  13  0:17  Drone  
  14  0:30  Drone x2  
  16  0:40  Drone  
  17  0:47  Spawning Pool  
  16  0:51  Drone  
  17  1:14  Hatchery  
  17  1:15  Drone  
  17  1:19  Extractor  
  17  1:20  Drone  
  17  1:37  Queen  
  17  1:39  Overlord  
  18  1:50  Drone  
  18  1:51  Drone  
  20  1:57  Drone  
  21  2:04  Drone  
  22  2:14  Drone  
  23  2:20  Extractor  
  22  2:25  Metabolic Boost  
  22  2:27  Queen  
  24  3:03  Drone x9  
  33  3:30  Roach Warren  
  32  3:41  Overlord x3  
  32  3:50  Drone  
  32  3:51  Drone x3  
  36  4:14  Roach  
  36  4:15  Roach x6  
  50  4:21  Overlord  
  50  4:22  Overlord  
  50  4:33  Lair  
  50  4:57  Roach x6  
  62  5:04  Zergling x2  
  62  5:05  Zergling x10  
  68  5:16  Overlord  
  68  5:17  Overlord  
  68  5:43  Zergling x16  
  76  5:59  Overlord x3  
  76  6:11  Hydralisk Den  
  75  6:24  Evolution Chamber  
  50  6:48  Hydralisk x3  
  50  6:49  Hydralisk x5  
  66  7:10  Hydralisk  
  66  7:11  Hydralisk  
  70  7:23  Muscular Augments  
  70  7:26  Zerg Missile Weapons Level 1  
  70  7:49  Roach x5  
  70  7:50  Roach  
  70  7:51  Roach x4  
  90  7:56  Overlord x2  
  90  8:21  Overseer  
  66  10:17  Hatchery  
  33  10:47  Hydralisk  
  33  10:48  Hydralisk x19  
  73  10:55  Roach x2  
  77  10:59  Zergling x4  
  79  11:28  Overseer  
  79  11:29  Overseer  
  79  11:36  Drone x11  
  90  11:43  Extractor  
  90  11:45  Extractor  
  90  11:46  Queen  
Show
View Real Time Build Order
Export as new Build Order

Grog Protoss - Winner!

Build Orders: Nexus First 

Get SALT Encoding   

  12  0:01  Probe (Chrono Boost)  
  13  0:11  Probe (Chrono Boost)  
  14  0:24  Probe (Chrono Boost)  
  15  0:45  Nexus  
  15  0:55  Pylon  
  15  1:14  Probe (Chrono Boost)  
  16  1:20  Gateway  
  16  1:28  Forge  
  16  1:45  Probe (Chrono Boost)  
  17  2:02  Photon Cannon  
  17  2:10  Probe (Chrono Boost)  
  17  2:11  Probe (Chrono Boost)  
  17  2:13  Zealot  
  21  2:18  Cybernetics Core  
  21  2:25  Probe (Chrono Boost)  
  21  2:26  Probe (Chrono Boost), Assimilator  
  23  2:34  Assimilator  
  23  2:44  Probe x2 (Chrono Boost)  
  25  2:54  Probe (Chrono Boost)  
  27  2:58  Probe (Chrono Boost)  
  28  3:05  Probe (Chrono Boost)  
  28  3:09  Probe (Chrono Boost)  
  28  3:12  Warp Gate  
  29  3:19  Stalker  
  31  3:25  Probe x2 (Chrono Boost)  
  33  3:35  Probe (Chrono Boost)  
  34  3:41  Pylon  
  34  3:44  Probe (Chrono Boost)  
  34  3:47  Probe (Chrono Boost)  
  36  4:01  Sentry  
  38  4:09  Probe x2 (Chrono Boost)  
  40  4:13  Gateway  
  40  4:16  Gateway  
  40  4:17  Gateway  
  40  4:20  Probe (Chrono Boost)  
  40  4:21  Stargate, Probe (Chrono Boost)  
  42  4:31  Probe x2 (Chrono Boost)  
  44  4:44  Robotics Facility  
  42  4:46  Robotics Facility, Probe (Chrono Boost)  
  42  4:47  Probe (Chrono Boost)  
  42  4:49  Sentry  
  42  4:52  Photon Cannon  
  46  4:55  Photon Cannon  
  46  4:56  Photon Cannon  
  46  5:02  Protoss Ground Weapons Level 1  
  46  5:11  Assimilator  
  46  5:12  Assimilator  
  46  5:26  Pylon  
  46  5:32  Pylon  
  46  5:44  Immortal x2 (Chrono Boost)  
  54  5:56  Probe  
  55  6:00  Probe  
  55  6:03  Sentry  
  58  6:14  Probe x2  
  60  6:26  Pylon  
  60  6:29  Pylon  
  60  6:31  Pylon  
  60  6:34  Pylon  
  60  6:42  Sentry  
  60  6:45  Immortal x2 (Chrono Boost)  
  70  6:54  Sentry x2  
  74  7:03  Gateway  
  74  7:06  Gateway  
  74  7:09  Forge  
  74  7:12  Gateway  
  74  7:17  Protoss Shields Level 1  
  74  7:21  Observer (Chrono Boost), Immortal (Chrono Boost)  
  79  7:25  Probe  
  79  7:26  Probe  
  80  7:41  Robotics Bay  
  80  7:47  Probe  
  80  7:48  Probe  
  82  7:55  Phoenix  
  82  8:00  Probe  
  82  8:01  Probe  
  84  8:12  Probe  
  85  8:13  Probe  
  92  8:49  Colossus (Chrono Boost)  
  92  8:50  Extended Thermal Lance  
  92  8:53  Pylon  
  92  8:56  Pylon  
  92  8:57  Pylon  
  92  8:59  Nexus, Pylon  
  92  9:01  Pylon  
  92  9:11  Colossus (Chrono Boost)  
  96  9:57  Colossus (Chrono Boost)  
  96  9:59  Disruptor (Chrono Boost)  
  105  10:00  Sentry  
  105  10:01  Sentry x4  
  114  10:45  Stalker x2  
  114  10:46  Stalker x4  
  126  10:51  Disruptor (Chrono Boost)  
  126  10:56  Nexus  
  132  10:58  Warp Prism (Chrono Boost), Pylon  
  131  11:40  Stalker  
  131  11:41  Stalker x4  
  141  12:06  Pylon  
  141  12:08  Pylon  
  141  12:10  Pylon  
  141  12:12  Pylon  
  141  12:14  Pylon  
  141  12:21  Twilight Council  
  141  12:36  Stalker x4  
  141  12:37  Stalker x3  
Tags
 
Add a new tag
Caveats
  • Supply blocks, unpowered buildings, or Contaminate may cause inaccurate times.
  • Supply counts are checked every 10 seconds.